 Dungeon Crawl Stone Soup version 0.30-a0-422-g946f4849ff (webtiles) character file.

Game seed: 8340675159615394030

476 Midn8 the Ruffian (level 7, -2/56 HPs)
             Began as a Gnoll Reaver on Dec 9, 2022.
             Was a Priest of Zin.
             Slain by an ogre
             ... wielding a +0 giant club
              (10 damage)
             ... on level 5 of the Dungeon.
             The game lasted 00:05:57 (3310 turns).

Midn8 the Ruffian (Gnoll Reaver)                    Turns: 3310, Time: 00:05:58

Health: -2/56      AC: 14    Str: 13    XL:     7   Next: 10%
Magic:  13/15      EV:  8    Int: 12    God:    Zin [***...]
Gold:   336        SH:  7    Dex: 11    Spells: 14/17 levels left

rFire   . . .      SeeInvis .      - Unarmed
rCold   . . .      Faith    .    o - +0 kite shield
rNeg    + . .      Spirit   .    q - +3 scale mail {rN+}
rPois   .          Reflect  .    b - +2 helmet
rElec   .          Harm     .    (no cloak)
rCorr   .          Rampage  .    c - +1 pair of gloves
Will    .....                    (no boots)
Stlth   +.........               l - amulet of the acrobat
HPRegen 0.29/turn                (no ring)
MPRegen 0.14/turn                (no ring)

@: very slightly contaminated
A: fangs 1, strong nose, distributed training
a: Renounce Religion, Recite, Vitalisation, Imprison, Donate Gold


You were on level 5 of the Dungeon.
You worshipped Zin.
Zin was most pleased with you.
You visited 1 branch of the dungeon, and saw 5 of its levels.

You collected 893 gold pieces.
You spent 468 gold pieces at shops.
You donated 89 gold pieces to Zin.

Inventory:

Armour
 a - a +0 leather armour
 b - a +2 helmet (worn)
 c - a +1 pair of gloves (worn)
 o - a +0 kite shield (worn)
 q - a +3 scale mail of positive energy (worn)
Jewellery
 h - the ring "Fotirgh" {Fire Int+2}
   (You found it on level 2 of the Dungeon)

   [ring of fire]

   It enhances your fire magic.
   Int:       It affects your intelligence (+2).
   rF:        It protects you from fire.
   rC:        It makes you vulnerable to cold.
 j - an amulet of faith
 l - an amulet of the acrobat (around neck)
Scrolls
 d - 3 scrolls of teleportation
 f - a scroll of enchant armour
 p - a scroll of amnesia
 r - a scroll of identify
Potions
 e - a potion of degeneration
 g - 2 potions of brilliance
 i - 3 potions of mutation
 m - a potion of flight


   Skills:
 + Level 5.2 Fighting
 + Level 2.3 Short Blades
 + Level 2.3 Long Blades
 + Level 2.3 Axes
 + Level 2.3 Maces & Flails
 + Level 2.3 Polearms
 + Level 2.3 Staves
 + Level 2.3 Ranged Weapons
 + Level 2.3 Throwing
 + Level 2.3 Armour
 + Level 5.2 Dodging
 + Level 2.3 Stealth
 + Level 2.3 Shields
 + Level 7.0 Unarmed Combat
 + Level 5.5 Spellcasting
 + Level 5.8 Conjurations
 + Level 1.9 Hexes
 + Level 1.9 Summonings
 + Level 1.9 Necromancy
 + Level 1.9 Translocations
 + Level 1.9 Transmutations
 + Level 1.9 Fire Magic
 + Level 1.9 Ice Magic
 + Level 1.9 Air Magic
 + Level 1.9 Earth Magic
 + Level 1.9 Poison Magic
 + Level 2.6 Invocations
 + Level 2.3 Evocations


You had 14 spell levels left.
You knew the following spells:

 Your Spells              Type           Power      Damage    Failure   Level
a - Kiss of Death         Conj/Necr      48%        2d9       50%         1
s - Momentum Strike       Conj/Tloc      24%        3d8       65%         2

Your spell library contained the following spells:

 Spells                   Type           Power      Damage    Failure   Level
 Sandblast                Erth           16%        2d6       77%         1
 Hailstorm                Conj/Ice       12%        3d5       86%         3
 Stone Arrow              Conj/Erth      24%        3d8       86%         3
 Passwall                 Tmut/Erth      6%         N/A       88%         2
 Scorch                   Fire           16%        2d6       88%         2
 Flame Wave               Conj/Fire      12%        2d6       99%         4
 Olgreb's Toxic Radiance  Pois           8%         N/A       100%        4
 Summon Cactus Giant      Summ           4%         N/A       100%        6
 Ozocubu's Refrigeration  Ice            4%         4d8       100%        7
 Ignition                 Fire           4%         3d4       100%        8


Dungeon Overview and Level Annotations

Branches:
Dungeon (5/15)
 Temple: D:4-7

Altars:
Nemelex Xobeh
Zin

Shops:
D:1 [


Innate Abilities, Weirdness & Mutations

You have very sharp teeth.
Your uncanny sense of smell can sniff out nearby items.
Your experience applies equally to all skills.


Message History

The hound is moderately wounded.
You feel sick.
The hound pauses to sniff the ground.
The hound bites you but does no damage. You block the hound's attack.
You punch the hound!
You kill the hound!
You feel sick.
You are no longer poisoned.
There is a stone staircase leading down, spattered with blood here.
You start resting.
You feel a little less mighty now.
You start resting.
HP restored.
You can't go up here!
You climb downwards.
The ogre hits you with a +0 giant club!!
There is a stone staircase leading up, spattered with blood here.
You hit the ogre. You bite the ogre.
The ogre is lightly wounded.
The ogre hits you with a +0 giant club!!
Ouch! That really hurt!
* * * LOW HITPOINT WARNING * * *
Casting: Momentum Strike (dangerous; 65% risk of failure)
Confirm with . or Enter, or press ? or * to list all spells.
Aiming: Momentum Strike (dangerous; 65% risk of failure)
Press: ? - help, Dir - move target, f - ogre
Aim: an ogre, wielding a +0 giant club (lightly wounded, 86% to hit)
You miscast Momentum Strike.
You are very lightly contaminated with residual magic.
Nothing appears to happen.
The ogre closely misses you.
Unknown command.
You hit the ogre but do no damage.
The ogre is lightly wounded.
You punch the ogre!
The ogre is moderately wounded.
The ogre barely misses you.
You punch the ogre!
The ogre is severely wounded.
The ogre hits you with a +0 giant club!
You die...

##...#####.......#
###............#.#
##..#.#.....#..#.#
......#.....#.#..#
.#..##....#...#..# #
###.......#..#...#.#
.............#^..#.###..
............#....O......
......##..#.#...@#.##..
........Oh.#............
###.##...##...####.##...
#....##.....# ... .
#..##.......# #...
..##........... .... ...
......###.##. ... ...
....... ... .. .. ##
######## #.# .


You could see an ogre.

Vanquished Creatures
  A water moccasin (D:4)
  An ogre (D:4)
  A necrophage (D:4)
  3 hounds (D:4)
  An iguana (D:4)
  7 gnolls
  2 adders
  3 dart slugs
  7 orcs
  6 endoplasms
  3 goblins (D:3)
  8 hobgoblins
  3 kobolds
  2 quokkas
  7 ball pythons
  4 bats
  3 frilled lizards (D:1)
  5 rats
67 creatures vanquished.

Notes
Turn   | Place    | Note
-------+----------+-------------------------------------------
     0 | D:1      | Midn8 the Gnoll Reaver began the quest for the Orb.
     0 | D:1      | Reached XP level 1. HP: 20/20 MP: 6/6
    61 | D:1      | Found Piyps's Armour Emporium.
   151 | D:1      | Reached XP level 2. HP: 21/26 MP: 7/7
   737 | D:2      | Reached skill level 5 in Spellcasting
   737 | D:2      | Reached XP level 3. HP: 25/31 MP: 7/9
   766 | D:2      | Reached skill level 1 in Invocations
   768 | D:2      | Reached skill level 1 in Short Blades
   768 | D:2      | Reached skill level 1 in Long Blades
   768 | D:2      | Reached skill level 1 in Axes
   768 | D:2      | Reached skill level 1 in Maces & Flails
   768 | D:2      | Reached skill level 1 in Polearms
   768 | D:2      | Reached skill level 1 in Staves
   768 | D:2      | Reached skill level 1 in Ranged Weapons
   768 | D:2      | Reached skill level 1 in Throwing
   768 | D:2      | Reached skill level 1 in Armour
   768 | D:2      | Reached skill level 1 in Stealth
   768 | D:2      | Reached skill level 1 in Shields
   768 | D:2      | Reached skill level 1 in Evocations
   774 | D:2      | Reached XP level 4. HP: 34/38 MP: 11/11
   792 | D:2      | Learned a level 2 spell: Momentum Strike
  1009 | D:2      | Found a faded altar of an unknown god.
  1045 | D:2      | Identified the ring "Fotirgh" {Fire Int+2}
  1561 | D:3      | Reached skill level 1 in Hexes
  1561 | D:3      | Reached skill level 1 in Summonings
  1561 | D:3      | Reached skill level 1 in Necromancy
  1561 | D:3      | Reached skill level 1 in Translocations
  1561 | D:3      | Reached skill level 1 in Transmutations
  1561 | D:3      | Reached skill level 1 in Fire Magic
  1561 | D:3      | Reached skill level 1 in Ice Magic
  1561 | D:3      | Reached skill level 1 in Air Magic
  1561 | D:3      | Reached skill level 1 in Earth Magic
  1561 | D:3      | Reached skill level 1 in Poison Magic
  1837 | D:3      | Found a sparkling altar of Nemelex Xobeh.
  2004 | D:4      | Noticed a necrophage
  2014 | D:4      | Killed a necrophage
  2015 | D:4      | Reached XP level 5. HP: 36/43 MP: 7/12
  2095 | D:4      | Noticed an ogre
  2118 | D:4      | Killed an ogre
  2119 | D:4      | Reached XP level 6. HP: 6/44 MP: 10/14
  2309 | D:4      | Reached skill level 5 in Fighting
  2309 | D:4      | Reached skill level 5 in Dodging
  2387 | D:4      | Found a glowing silver altar of Zin.
  2390 | D:4      | Became a worshipper of Zin the Law-Giver
  2390 | D:4      | Reached * piety under Zin
  2851 | D:5      | Entered Level 5 of the Dungeon
  2855 | D:5      | Identified a scroll of acquirement
  2859 | D:5      | Acquired 736 gold pieces
  2860 | D:5      | Reached ** piety under Zin
  2860 | D:5      | Reached *** piety under Zin
  2964 | D:1      | Bought a +1 pair of gloves for 138 gold pieces
  2964 | D:1      | Bought a +0 kite shield for 54 gold pieces
  2964 | D:1      | Bought a +3 scale mail of positive energy for 276 gold
                  | pieces
  3119 | D:5      | Noticed a water moccasin
  3164 | D:4      | Killed a water moccasin
  3165 | D:4      | Reached skill level 7 in Unarmed Combat
  3165 | D:4      | Reached XP level 7. HP: 17/56 MP: 15/15
  3310 | D:5      | Slain by an ogre

Illustrated notes

Levels and vault maps discovered:
D:1:      spicycebolla_green_bress_n_ham_2, layout_loops_ring, serial_shops,
          shop, minmay_misc_feat_diagonals, nicolae_figureground_sparkle
D:2:      layout_loops_ring, hellmonk_ecumenical_altar_inner_sanctum,
          minmay_misc_feat_plants
D:3:      layout_basic, lemuel_tele_altar
D:4:      layout_basic, zin_statuary
D:5:      nicolae_BIG_FREAKIN_CUBE, layout_basic,
          minmay_temple_entry_statues_fountains, nrook_mini_vaults,
          hangedman_decor_peaks_small, hex_large, minmay_starry_boxes

Skill      XL: |  1  2  3  4  5  6 |
---------------+-------------------+-----
Spellcasting   | 5 |  5.5
Invocations    | 1 2 |  2.6
Short Blades   | 1 2 |  2.3
Long Blades    | 1 2 |  2.3
Axes           | 1 2 |  2.3
Maces & Flails | 1 2 |  2.3
Polearms       | 1 2 |  2.3
Staves         | 1 2 |  2.3
Ranged Weapons | 1 2 |  2.3
Throwing       | 1 2 |  2.3
Armour         | 1 2 |  2.3
Stealth        | 1 2 |  2.3
Shields        | 1 2 |  2.3
Evocations     | 1 2 |  2.3
Hexes          | 1 |  1.9
Summonings     | 1 |  1.9
Necromancy     | 1 |  1.9
Translocations | 1 |  1.9
Transmutations | 1 |  1.9
Fire Magic     | 1 |  1.9
Ice Magic      | 1 |  1.9
Air Magic      | 1 |  1.9
Earth Magic    | 1 |  1.9
Poison Magic   | 1 |  1.9
Fighting       | 5 |  5.2
Dodging        | 5 |  5.2
Unarmed Combat | 7 |  7.0
Conjurations   | |  5.8

Action                   |  1- 3 |  4- 6 |  7- 9 || total
-------------------------+-------+-------+-------++-------
Melee: Unarmed           |    40 |   157 |     6 ||   203
       Punch             |     1 |     5 |       ||     6
       Bite              |       |    12 |     1 ||    13
 Cast: Momentum Strike   |       |     3 |       ||     3
       Kiss of Death     |       |     2 |       ||     2
  Use: Scroll            |       |    13 |       ||    13
       Potion            |       |     2 |       ||     2
 Stab: Sleeping          |     1 |     2 |       ||     3
Armor: Leather armour    |     6 |    37 |       ||    43
       Scale mail        |       |    14 |     1 ||    15
Dodge: Dodged            |    13 |    98 |     2 ||   113
Block: Kite shield       |       |    13 |     1 ||    14

Table legend: (Time is in decaauts)
 A = Elapsed time spent in this place.
 B = Non-inter-level travel time spent in this place.
 C = Inter-level travel time spent in this place.
 D = Time resting spent in this place.
 E = Time spent auto-exploring this place.
 F = Levels seen in this place.
 G = Mean time per level.
                   A        B        C        D        E       F      G
               +--------+--------+--------+--------+--------+-----+--------+
         Total |   3297 |   3017 |    280 |    455 |   2028 |   5 |  659.4 |
       Dungeon |   3297 |   3017 |    280 |    455 |   2028 |   5 |  659.4 |
               +--------+--------+--------+--------+--------+-----+--------+

Top non-repeatable levels by time:
     D:4: 1045 daAuts
     D:1: 836 daAuts
     D:3: 684 daAuts
     D:2: 655 daAuts
     D:5: 74 daAuts
